 Dungeon Sprint DCSS version 0.29-a0-384-g6960b1960d (webtiles) character file.

Game seed: 12951964477460883261

1516 mhtbhm the Cleaver (level 8, -25/123 HPs)
             Began as a Green Draconian Berserker on May 7, 2022.
             Was a High Priest of Trog.
             Annihilated by a naga warrior
             ... wielding a +0 long sword
              (26 damage)
             ... in the Dungeon (Sprint VII: "The Pits").
             The game lasted 00:01:35 (834 turns).

mhtbhm the Cleaver (Green Draconian Berserker)       Turns: 834, Time: 00:01:37

Health: -25/123    AC:  7    Str: 25    XL:     8   Next: 53%
Magic:  8/8        EV: 15    Int: 10    God:    Trog [*****.]
Gold:   0          SH:  0    Dex: 11    Spells: 7/7 levels left

rFire   . . .      SeeInvis .   a - +2 war axe (freeze)
rCold   . . .      Faith    .   (no shield)
rNeg    . . .      Spirit   .   (body armour unavailable)
rPois   +          Reflect  .   (helmet restricted)
rElec   .          Harm     .   n - +0 cloak
rCorr   .          Rampage  .   (no gloves)
Will    .....      NoTele   +   (no boots)
Stlth   ..........              (no amulet)
HPRegen 0.30/turn               j - +3 ring of strength
MPRegen 0.11/turn               k - +3 ring of intelligence

@: berserking, short of breath, very quick
A: breathe noxious fumes, AC +6, unfitting armour, poison resistance,
cold-blooded
a: Breathe Noxious Fumes, Renounce Religion, Berserk, Trog's Hand, Brothers in
Arms


You were in the Dungeon.
You worshipped Trog.
Trog was extremely pleased with you.
You visited 1 branch

Inventory:

Hand Weapons
 a - a +2 war axe of freezing (weapon)
Armour
 n - a +0 cloak (worn)
Jewellery
 j - a +3 ring of strength (left hand)
 k - a +3 ring of intelligence (right hand)
Scrolls
 g - a scroll of blinking
 i - a scroll of summoning
Potions
 b - 7 potions of curing
 c - 14 potions of heal wounds
 d - a potion of haste
 e - 4 potions of magic
 f - 3 potions of berserk rage
 h - 2 potions of invisibility
 l - a potion of resistance
 m - a potion of mutation


   Skills:
 + Level 11.3 Fighting
 + Level 13.0 Axes
 + Level 9.4 Dodging
 + Level 3.8 Stealth


You had 7 spell levels left.
You didn't know any spells.
Your spell library was empty.

Dungeon Overview and Level Annotations

Branches:
Dungeon (1/1)

Altars:
Gozag
Hepliaklqana
Sif Muna
Trog
Jiyva


Innate Abilities, Weirdness & Mutations

You can breathe blasts of noxious fumes.
Your lurid green scales are hard. (AC +6)
You cannot fit into any form of body armour.
Your system is resistant to poisons. (rPois)
You are cold-blooded and may be slowed by cold attacks.


Message History

The salamander hits you but does no damage.
The naga warrior hits you with a +0 long sword!!
The naga warrior grabs you. The naga warrior constricts you.
The naga sharpshooter gestures wildly while chanting.
You see here a hell rat corpse.
A red film seems to cover your vision as you go berserk!
You feel yourself moving faster!
You feel mighty!
The salamander is engulfed in noxious fumes.
The salamander hits you with a +1 trident of venom!!
You are engulfed in flames!
The naga warrior closely misses you. The naga warrior constricts you.
You slice the salamander!! You freeze the salamander!
The salamander is heavily wounded.
You closely miss the naga warrior.
The salamander is engulfed in noxious fumes.
The salamander appears confused.
The salamander hits you with a +1 trident of venom!
* * * LOW HITPOINT WARNING * * *
You are engulfed in flames!
* * * LOW HITPOINT WARNING * * *
You hit the salamander. You freeze the salamander.
You tail-slap the salamander!
The salamander is severely wounded.
You hit the naga warrior. You freeze the naga warrior.
The naga warrior loses its grip on you.
Unknown command.
You slash the salamander! You freeze the salamander!
The salamander is almost dead.
The naga warrior blocks your attack.
The salamander hits you with a +1 trident of venom.
* * * LOW HITPOINT WARNING * * *
You are engulfed in flames!
* * * LOW HITPOINT WARNING * * *
You hit the salamander. You freeze the salamander.
You kill the salamander!
Trog accepts your kill.
You closely miss the naga warrior. You slash the naga sharpshooter!
You freeze the naga sharpshooter.
The naga warrior hits you with a +0 long sword!!
You die...

####++##########
...........##..#
.#..#......##..#
...........''..#
...........''..#########
.#..#......##...@)°.....
...........##...NN...°..
####++##################
..# ..# ..# ..# ..# ..#


You could see a naga warrior and a naga sharpshooter (strong).

Vanquished Creatures
  A salamander (D)
  A komodo dragon (D)
  A dream sheep (D)
  A flying skull (D)
  A redback (D)
  2 floating eyes (D)
  A sky beast (D)
  A black bear (D)
  An ice beast (D)
  A wolf (D)
  A scorpion (D)
  A quasit (D)
  A hound (D)
  A jelly (D)
  Terence (D)
  A hell rat (D)
  2 ufetubi (D)
  A worm (D)
  An orc (D)
  A bat (D)
  An endoplasm (D)
  A goblin (D)
  A frilled lizard (D)
  A kobold (D)
26 creatures vanquished.

Notes
Turn   | Place    | Note
-------+----------+-------------------------------------------
     0 | D        | mhtbhm the Draconian Berserker began the quest for the Orb.
     0 | D        | Reached XP level 1. HP: 19/19 MP: 1/1
    55 | D        | Reached ** piety under Trog
    63 | D        | Reached XP level 2. HP: 27/27 MP: 2/2
    69 | D        | Noticed a floating eye
    73 | D        | Killed a floating eye
    73 | D        | Reached *** piety under Trog
    74 | D        | Reached skill level 6 in Axes
    74 | D        | Reached skill level 5 in Dodging
    74 | D        | Reached XP level 3. HP: 38/38 MP: 3/3
    74 | D        | Reached XP level 4. HP: 45/45 MP: 4/4
    77 | D        | Reached XP level 5. HP: 47/52 MP: 5/5
   285 | D        | Found a bloodstained altar of Trog.
   285 | D        | Found a shimmering blue altar of Sif Muna.
   285 | D        | Found a viscous altar of Jiyva.
   285 | D        | Found a hazy altar of Hepliaklqana.
   285 | D        | Found an opulent altar of Gozag.
   307 | D        | Noticed a wolf
   308 | D        | Noticed Terence
   318 | D        | Killed a wolf
   319 | D        | Reached skill level 7 in Axes
   319 | D        | Reached skill level 1 in Stealth
   478 | D        | Noticed a black bear
   479 | D        | Noticed a sky beast
   484 | D        | Killed a black bear
   484 | D        | Reached **** piety under Trog
   485 | D        | Reached skill level 8 in Axes
   485 | D        | Reached XP level 6. HP: 62/62 MP: 6/6
   489 | D        | Reached skill level 9 in Axes
   492 | D        | Killed Terence
   495 | D        | Killed a sky beast
   496 | D        | Reached skill level 10 in Axes
   498 | D        | Your scales start taking on a lurid green colour.
   498 | D        | Reached XP level 7. HP: 70/70 MP: 7/7
   498 | D        | Gained mutation: Your system is resistant to poisons.
                  | (rPois) [Green Draconian growth]
   542 | D        | Noticed a flying skull
   555 | D        | Killed a flying skull
   556 | D        | Reached skill level 10 in Fighting
   633 | D        | Noticed a dream sheep
   636 | D        | Killed a dream sheep
   636 | D        | Reached ***** piety under Trog
   637 | D        | Reached skill level 11 in Axes
   644 | D        | Paralysed by a floating eye for 2 turns
   648 | D        | Reached XP level 8. HP: 81/81 MP: 8/8
   653 | D        | Reached skill level 12 in Axes
   659 | D        | Noticed a komodo dragon
   678 | D        | Received a gift from Trog
   679 | D        | Killed a komodo dragon
   823 | D        | Noticed a naga warrior
   825 | D        | Noticed a naga sharpshooter
   825 | D        | Noticed a salamander
   829 | D        | Reached skill level 13 in Axes
   833 | D        | HP: 1/123 [salamander/+1 trident of venom (11)]
   834 | D        | Killed a salamander
   834 | D        | Annihilated by a naga warrior

Illustrated notes

Levels and vault maps discovered:
D:        pitsprint [storerooms_1, entrance_room_1, metal_vault_2, armoury_2,
          mini_pit_1, grid_room_1, main_hall_1, silver_pit, the_coven_2,
          the_vestibule_1, steel_vault_1, golden_pit, hallway_of_sentries,
          crystal_vault_1, iron_vault_3, final_vault]

Skill      XL: |  1  2  3  4  5  6  7  8 |
---------------+-------------------------+-----
Fighting       | 4 6 7 8 9 10 11 | 11.3
Dodging        | 3 5 7 8 9 |  9.4
Axes           | 6 8 10 11 13 | 13.0
Stealth        | 1 2 3 |  3.8

Action                   |  1- 3 |  4- 6 |  7- 9 || total
-------------------------+-------+-------+-------++-------
Melee: Hand axe          |    14 |    31 |    41 ||    86
       Tailslap          |     1 |     5 |     6 ||    12
       War axe           |       |       |     5 ||     5
Invok: Berserk           |       |     1 |     1 ||     2
 Abil: Breathe Noxious F |       |       |     3 ||     3
 Stab: Sleeping          |       |       |     2 ||     2
       Confused          |       |       |     2 ||     2
Armor: Skin              |     4 |     6 |     3 ||    13
Dodge: Dodged            |    13 |    17 |    20 ||    50

Table legend: (Time is in decaauts)
 A = Elapsed time spent in this place.
 B = Non-inter-level travel time spent in this place.
 C = Inter-level travel time spent in this place.
 D = Time resting spent in this place.
 E = Time spent auto-exploring this place.
 F = Levels seen in this place.
 G = Mean time per level.
                   A        B        C        D        E       F      G
               +--------+--------+--------+--------+--------+-----+--------+
         Total |    822 |    822 |      0 |    470 |     19 |   1 |  822.0 |
       Dungeon |    822 |    822 |      0 |    470 |     19 |   1 |  822.0 |
               +--------+--------+--------+--------+--------+-----+--------+

Top non-repeatable levels by time:
       D: 822 daAuts
